 Dungeon Sprint DCSS version 0.27-a0-1119-gbf574a6a6b (webtiles) character file.

Game seed: 12717708386065582770

1309 mhtbhm the Arsonist (level 8, -9/39 (43) HPs)
             Began as a Deep Elf Fire Elementalist on May 2, 2021.
             Was an Initiate of Vehumet.
             Killed from afar by Josephine (19 damage)
             ... with a ghostly fireball
             ... in the Dungeon (Sprint III: "The Ten Rune Challenge").
             The game lasted 00:04:11 (1420 turns).

mhtbhm the Arsonist (Deep Elf Fire Elementalist)    Turns: 1420, Time: 00:04:12

HP:   -9/39 (43)    AC:  2    Str:  5    XL:     8   Next: 32%
MP:   9/27          EV: 14    Int: 23    God:    Vehumet [......]
Gold: 31            SH:  0    Dex: 15    Spells: 17/33 levels left

rFire    . . .     SeeInvis .   (no weapon)
rCold    . . .     Faith    .   (no shield)
rNeg     . . .     Spirit   .   a - +0 robe
rPois    .         Reflect  .   (no helmet)
rElec    .         Harm     .   (no cloak)
rCorr    .         Rampage  .   (no gloves)
Will     .....     NoTele   +   (no boots)
Stlth    ++........             (no amulet)
HPRegen  0.13/turn              (no ring)
MPRegen  0.20/turn              (no ring)

@: drained
A: no striking features
a: Renounce Religion


You were in the Dungeon.
You worshipped Vehumet.
Vehumet was noncommittal.
You visited 1 branch You collected 31 gold pieces.

Inventory:

Armour
 a - a +0 robe (worn)
Scrolls
 h - a scroll of blinking
 j - a scroll of torment {unknown}
 k - 3 scrolls of identify
 n - a scroll of immolation {unknown}
Potions
 b - 2 potions of might
 c - a potion of curing
 f - 2 potions of magic
 g - a potion of berserk rage
 i - 3 potions of mutation {unknown}
 l - a potion of resistance {unknown}
 m - a potion of flight {unknown}
 o - a potion of brilliance {unknown}
Miscellaneous
 d - a tin of tremorstones (2/2)


   Skills:
 + Level 1.2 Fighting
 + Level 5.9 Dodging
 - Level 2.5 Stealth
 + Level 13.1 Spellcasting
 + Level 8.2 Conjurations
 + Level 13.7 Fire Magic


You had 17 spell levels left.
You knew the following spells:

 Your Spells              Type           Power      Damage    Failure   Level
a - Foxfire               Conj/Fire      100%       2x1d9     1%          1
b - Conjure Flame         Conj/Fire      60%        6-21      1%          3
c - Inner Flame           Hex/Fire       46%        N/A       1%          3
d - Sticky Flame          Conj/Fire      60%        2d8       1%          4
e - Fireball              Conj/Fire      30%        3d13      1%          5

Your spell library contained the following spells:

 Spells                   Type           Power      Damage    Failure   Level
 Dazzling Flash           Conj/Hex       68%        N/A       2%          3
 Corona                   Hex            16%        N/A       4%          1
 Ensorcelled Hibernation  Hex/Ice        30%        N/A       6%          2
 Confusing Touch          Hex            15%        N/A       12%         3
 Tukima's Dance           Hex            15%        N/A       12%         3


Dungeon Overview and Level Annotations

Branches:
Dungeon (1/1)

Altars:
Cheibriados
Dithmenos
Elyvilon
Fedhas
Gozag
Hepliaklqana
Kikubaaqudgha
Makhleb
Nemelex Xobeh
Okawaru
Qazlal
Ru
Sif Muna
Trog
Uskayaw
Vehumet
Wu Jian
Xom
Yredelemnul
Zin
The Shining One
Beogh
Jiyva
Lugonu

Annotations:
D Josephine


Message History

Unknown command.
Casting: Fireball (dangerous; 1% risk of failure)
Confirm with . or Enter, or press ? or * to list all spells.
You don't know that spell.
Okay, then.
Casting: Fireball (dangerous; 1% risk of failure)
Confirm with . or Enter, or press ? or * to list all spells.
You can't see any susceptible monsters within range! (Use Z to cast anyway.) Unknown command.
Josephine is nearby!
Casting: Fireball (dangerous; 1% risk of failure)
Confirm with . or Enter, or press ? or * to list all spells.
Aiming: Fireball (dangerous; 1% risk of failure)
Press: ? - help, Shift-Dir - straight line, f/p - Josephine
Aim: Josephine, wielding a +0 dagger and wearing a +2 robe of resistance (black smoke, lightly wounded)
The fireball explodes!
The fireball engulfs Josephine.
Josephine resists.
Josephine is lightly wounded.
Unknown command.
Unknown command.
Casting: Fireball (dangerous; 1% risk of failure)
Confirm with . or Enter, or press ? or * to list all spells.
Aiming: Fireball (dangerous; 1% risk of failure)
Press: ? - help, Shift-Dir - straight line, f/p - Josephine
Aim: Josephine, wielding a +0 dagger and wearing a +2 robe of resistance (lightly wounded)
The fireball explodes!
The fireball engulfs Josephine!
Josephine resists.
Josephine is moderately wounded.
Unknown command.
Unknown command.
Casting: Fireball (dangerous; 1% risk of failure)
Confirm with . or Enter, or press ? or * to list all spells.
Aiming: Sticky Flame (safe; 1% risk of failure)
Press: ? - help, Shift-Dir - straight line, f/p - Josephine
Aim: Josephine, wielding a +0 dagger and wearing a +2 robe of resistance (moderately wounded, 100% to hit)
The sticky flame hits Josephine.
Josephine resists.
Josephine is moderately wounded.
Josephine is covered in liquid flames!
Josephine burns!
Josephine points at you and mumbles some strange words.
The ghostly flame explodes!
The ghostly fireball engulfs you!!
You feel drained.
You die...

♣♣..###'#'###'##
..♣.#...)....).#
....'.⌠........#
≈...#...######'#
....#.⌠.#__#...#+#####
....#...#__#...#.§§≈§+
....#)###__#...#.#§§§#
....#...#__#...'@#§§§#
....#___#__'...#@#§@.#
▓▓▓▓▓▓▓▓▓▓▓▓▓▓▓▓▓▓▓▓▓▓


You could see Josephine (burning).

Vanquished Creatures
  A deep elf pyromancer (D)
  A shadow (D)
  A spatial vortex (D)
  A necrophage (D)
  A water elemental (D)
  A jelly (D)
  Jessica (D)
  A wizard (D)
  A necromancer (D)
  3 humans (D)
  A kobold demonologist (D)
  A phantom (D)
  3 rats (D)
17 creatures vanquished.

Vanquished Creatures (others)
  43 foxfires (D)
43 creatures vanquished.

Grand Total: 60 creatures vanquished

Notes
Turn   | Place    | Note
-------+----------+-------------------------------------------
     0 | D        | mhtbhm the Deep Elf Fire Elementalist began the quest for
                  | the Orb.
     0 | D        | Reached XP level 1. HP: 10/10 MP: 6/6
    93 | D        | Noticed Jessica
   101 | D        | Killed Jessica
   102 | D        | Reached XP level 2. HP: 9/15 MP: 1/9
   240 | D        | Reached skill level 5 in Spellcasting
   240 | D        | Reached XP level 3. HP: 19/19 MP: 2/11
   339 | D        | Learned a level 3 spell: Conjure Flame
   343 | D        | Learned a level 3 spell: Inner Flame
   389 | D        | Noticed a water elemental
   395 | D        | Killed a water elemental
   396 | D        | Reached XP level 4. HP: 24/24 MP: 7/14
   401 | D        | Learned a level 4 spell: Sticky Flame
   455 | D        | Found a radiant altar of Vehumet.
   455 | D        | Found a shimmering blue altar of Sif Muna.
   455 | D        | Found an ancient bone altar of Kikubaaqudgha.
   455 | D        | Noticed a wizard
   457 | D        | Killed a wizard
   464 | D        | Noticed a hellwing
   511 | D        | Reached XP level 5. HP: 12/28 MP: 3/16
   709 | D        | Learned a level 5 spell: Fireball
   721 | D        | Found a basalt altar of Yredelemnul.
   721 | D        | Found a shadowy altar of Dithmenos.
   721 | D        | Found a sacrificial altar of Ru.
   721 | D        | Noticed a necrophage
   726 | D        | Killed a necrophage
   727 | D        | Reached skill level 10 in Fire Magic
   837 | D        | Found a glowing silver altar of Zin.
   837 | D        | Found a glowing golden altar of the Shining One.
   837 | D        | Found a white marble altar of Elyvilon.
   837 | D        | Noticed a deep elf pyromancer
   839 | D        | Noticed a fire elemental
   840 | D        | Noticed a fire elemental
   841 | D        | Killed a deep elf pyromancer
   842 | D        | Reached skill level 5 in Dodging
   842 | D        | Reached XP level 6. HP: 33/33 MP: 3/22
   842 | D        | Reached XP level 7. HP: 37/37 MP: 3/24
   950 | D        | Found a hide-covered altar of Uskayaw.
   950 | D        | Found an iron altar of Okawaru.
   950 | D        | Found a bloodstained altar of Trog.
   950 | D        | Found an ornate altar of the Wu Jian Council.
   950 | D        | Noticed a human
   950 | D        | Noticed a human
   954 | D        | Killed a human
   958 | D        | Killed a human
   959 | D        | Reached XP level 8. HP: 35/42 MP: 0/26
  1093 | D        | Reached skill level 1 in Fighting
  1229 | D        | Found a blossoming altar of Fedhas.
  1229 | D        | Found a stormy altar of Qazlal.
  1229 | D        | Found a snail-covered altar of Cheibriados.
  1229 | D        | Found a burning altar of Makhleb.
  1229 | D        | Found a shimmering altar of Xom.
  1230 | D        | Found a hazy altar of Hepliaklqana.
  1230 | D        | Found an opulent altar of Gozag.
  1230 | D        | Found a sparkling altar of Nemelex Xobeh.
  1230 | D        | Found a corrupted altar of Lugonu.
  1230 | D        | Found a viscous altar of Jiyva.
  1386 | D        | Became a worshipper of Vehumet
  1412 | D        | Noticed Josephine
  1420 | D        | Killed from afar by Josephine

Illustrated notes

Levels and vault maps discovered:
D:        dungeon_sprint_mu [sprint_mu_entry_forest, sprint_mu_temple_rooms,
          sprint_mu_d1_horrors, sprint_mu_d2_genie, sprint_mu_d3_branching,
          sprint_mu_orc_legion, sprint_mu_elf_gauntlet, sprint_mu_hive_nellie,
          sprint_mu_lair_fedhas, sprint_mu_vaults_butterflies,
          sprint_mu_slime_circle, sprint_mu_shoals_kraken,
          sprint_mu_snake_twists, sprint_mu_blade_basic, sprint_mu_crypt_lich,
          sprint_mu_tomb_spiral, sprint_mu_vestibule_basic,
          sprint_mu_gehenna_hellfire, sprint_mu_dis_giant,
          sprint_mu_tartarus_statrot, sprint_mu_cocytus_islands, sprint_mu_zot1]

Skill      XL: |  1  2  3  4  5  6  7  8 |
---------------+-------------------------+-----
Dodging        | 3 4 5 |  5.9
Spellcasting   | 4 5 6 7 11 12 13 | 13.1
Conjurations   | 2 3 6 7 8 |  8.2
Fire Magic     | 6 8 9 12 13 | 13.7
Fighting       | 1 |  1.2
Stealth        | |  2.5

Action                   |  1- 3 |  4- 6 |  7- 9 || total
-------------------------+-------+-------+-------++-------
 Cast: Foxfire           |    22 |     4 |       ||    26
       Sticky Flame      |       |     4 |    10 ||    14
       Fireball          |       |     4 |    11 ||    15
  Use: Potion            |       |     2 |     1 ||     3
Armor: Robe              |     1 |       |       ||     1
Dodge: Dodged            |       |     2 |     2 ||     4

Table legend: (Time is in decaauts)
 A = Elapsed time spent in this place.
 B = Non-inter-level travel time spent in this place.
 C = Inter-level travel time spent in this place.
 D = Time resting spent in this place.
 E = Time spent auto-exploring this place.
 F = Levels seen in this place.
 G = Mean time per level.
                   A        B        C        D        E       F      G
               +--------+--------+--------+--------+--------+-----+--------+
         Total |   1404 |   1404 |      0 |   1029 |      0 |   1 | 1404.0 |
       Dungeon |   1404 |   1404 |      0 |   1029 |      0 |   1 | 1404.0 |
               +--------+--------+--------+--------+--------+-----+--------+

Top non-repeatable levels by time:
       D: 1404 daAuts
